AoeStats
← Adrijiga

Lombardia

509112467Analyzed
4v4 RM · 8d ago on Sep 25, 2026· 42m 1s· 8 players
Game mode
Random Map
Map size
Large (8 player)
Population
200
Speed
Normal
Resources
Standard
Victory
Conquest
Starting age
Dark Age
Ending age
Imperial Age
RankedLock teamsTeams togetherTeam positionsShared explorationLock speedFull tech treeHidden civsTurbo modeCheats
Victory
Defeat
🇺🇸 Hindustanis · United States
1432
+13
🇪🇸 Saracens · Spain
1417
+13
🇪🇸 Spanish · Spain
1378
+15
🇪🇸 Italians · Spain
1212
+23
🇵🇪 Hindustanis · Peru
1372
-17
🇯🇵 Japanese · Japan
1369
-16
🇨🇳 Danes · China
1358
-16
🇹🇼 Varangians · Taiwan
1325
-15
AMBK
7:40 Loom
10:10 Feudal Age
10:48 Double-Bit Axe
12:57 Horse Collar
17:18 Wheelbarrow
18:42 Fletching
22:33 Castle Age
20:39 Gold Mining
23:07 Bloodlines
23:08 Padded Archer Armor
23:24 Thumb Ring
23:56 Bow Saw
23:51 Heavy Plow
23:33 Crossbowman
24:46 Bodkin Arrow
28:27 Husbandry
28:47 Leather Archer Armor
42:02 Imperial Age
taj
11:00 Feudal Age
17:19 Castle Age
16:50 Double-Bit Axe
18:00 Husbandry
18:26 Horse Collar
26:17 Bloodlines
26:15 Heavy Plow
26:54 Scale Barding Armor
30:35 Fletching
36:28 Imperial Age
34:34 Wheelbarrow
34:03 Bodkin Arrow
35:00 Elite Skirmisher
36:00 Gold Mining
36:15 Stone Mining
38:21 Conscription
39:13 Arson
39:28 Squires
39:14 Gambesons
39:44 Pikeman
zFenix095z
8:56 Feudal Age
8:19 Loom
15:53 Castle Age
14:30 Double-Bit Axe
14:28 Horse Collar
15:44 Wheelbarrow
16:47 Bow Saw
16:39 Heavy Plow
19:18 Stone Mining
19:20 Gold Mining
29:43 Imperial Age
27:38 Scale Mail Armor
28:07 Grand Trunk Road
29:00 Hand Cart
29:08 Chain Mail Armor
29:27 Caravan
29:33 Town Watch
31:52 Two-Man Saw
31:09 Elite Ghulam
32:35 Forging
33:08 Fletching
34:31 Chemistry
34:24 Iron Casting
34:32 Gold Shaft Mining
35:37 Shatagni
38:28 Blast Furnace
38:24 Fortified Wall
Faker
5:13 Loom
5:37 Loom
11:02 Feudal Age
11:43 Double-Bit Axe
12:19 Town Watch
13:49 Wheelbarrow
19:03 Castle Age
20:27 Stone Mining
20:49 Bow Saw
20:20 Horse Collar
21:14 Gold Mining
23:11 Heavy Plow
27:09 Forging
28:19 Scale Mail Armor
31:47 Chain Mail Armor
32:15 Hand Cart
32:05 Squires
33:01 Iron Casting
32:13 Arson
33:35 Gold Shaft Mining
36:43 Imperial Age
33:53 Hamask
35:37 Stone Shaft Mining
37:10 Fletching
37:59 Plate Mail Armor
36:56 Elite Jomsviking
37:59 Conscription
38:16 Hoardings
38:26 Fletching
39:09 Bodkin Arrow
39:36 Ballistics
39:57 Murder Holes
41:49 Blast Furnace
41:03 Masonry
IkerJura23783
9:38 Feudal Age
9:18 Loom
10:49 Double-Bit Axe
15:09 Wheelbarrow
18:00 Castle Age
17:13 Fletching
17:23 Padded Archer Armor
17:27 Horse Collar
17:57 Gold Mining
18:32 Stone Mining
18:56 Bow Saw
19:50 Stone Shaft Mining
19:28 Bodkin Arrow
20:24 Leather Archer Armor
25:05 Ballistics
24:59 Heavy Plow
29:18 Masonry
32:55 Imperial Age
33:42 Elite Genoese Crossbowman
35:23 Murder Holes
36:29 Chemistry
36:55 Hand Cart
39:24 Ring Archer Armor
38:57 Bracer
Chiripa605
4:44 Loom
9:35 Feudal Age
10:42 Double-Bit Axe
12:45 Horse Collar
15:41 Wheelbarrow
21:16 Castle Age
20:17 Scale Barding Armor
20:40 Gold Mining
22:08 Bow Saw
23:19 Heavy Plow
26:46 Bloodlines
28:37 Hand Cart
35:05 Imperial Age
32:42 Husbandry
34:20 Chain Barding Armor
35:05 Forging
35:10 Heavy Camel Rider
36:31 Plate Barding Armor
36:48 Gold Shaft Mining
37:05 Imperial Camel Rider
38:31 Conscription
41:18 Chemistry
40:39 Ballistics
41:00 Iron Casting
40:55 Fletching
42:35 Shatagni
Rotrex
12:13 Feudal Age
16:03 Castle Age
14:06 Double-Bit Axe
14:48 Horse Collar
17:06 Bow Saw
24:31 Wheelbarrow
25:05 Husbandry
28:11 Ballistics
28:56 Hand Cart
30:00 Bloodlines
33:07 Padded Archer Armor
36:49 Imperial Age
34:17 Gold Mining
34:17 Stone Mining
34:29 Town Watch
34:50 Heavy Plow
35:43 Leather Archer Armor
36:25 Murder Holes
37:08 Stone Shaft Mining
36:54 Elite Conquistador
38:57 Chemistry
38:12 Loom
Adrijiga
5:08 Loom
11:12 Feudal Age
16:09 Castle Age
15:02 Double-Bit Axe
16:05 Horse Collar
17:41 Heavy Plow
23:22 Bow Saw
23:56 Stone Mining
25:31 Wheelbarrow
26:01 Forging
26:53 Scale Barding Armor
27:08 Hand Cart
29:23 Iron Casting
28:48 Gold Mining
30:31 Bloodlines
30:22 Husbandry
32:32 Chain Barding Armor
34:25 Light Cavalry
41:48 Imperial Age
39:04 Town Watch
40:31 Town Patrol
Connection lost

Rejoining the realm…

Still unreachable

The connection could not be restored.

Session expired

The server has moved on; the page needs a fresh start.